| TOP OF THE 1ST |
|
San Diego (APP) Padres batting - Pitching for Missoula Osprey : RHP Dan Thompson
|
|
Pitching: RHP Dan Thompson
|
|
|
Batting: RHB Wally Cangro
|
0-0: Called Strike 0-1: Ball 1-1: Foul Ball, location: 2F 1-2: Ball 2-2: SINGLE (Groundball, 56, EV 101.9 MPH) (infield hit)
|
|
Batting: SHB Yutaro Takahashi
|
0-0: Ball Wally Cangro steals 2nd base 1-0: Ball 2-0: Ball 3-0: Base on Balls
|
|
Batting: RHB Antonio Lara
|
0-0: Foul Ball, location: 2F 0-1: Foul Ball, location: 2F 0-2: Ball 1-2: Ball 2-2: Ball 3-2: DOUBLE (Line Drive, 78D, EV 107.5 MPH) Wally Cangro scores Yutaro Takahashi to third
|
|
Batting: RHB Freddie Brown
|
0-0: Ball 1-0: Foul Ball, location: 2F 1-1: Foul Ball, location: 2F 1-2: Ball 2-2: Strikes out swinging
|
|
Batting: LHB Hugo MacBeth
|
0-0: Ball 1-0: Called Strike 1-1: Swinging Strike 1-2: Foul Ball, location: 2F 1-2: Ground out 1-3 (Groundball, 34S, EV 68.1 MPH)
|
|
Batting: LHB Sammy Roddenberry
|
0-0: Ground out 6-3 (Groundball, 6M, EV 91.3 MPH)
|
| Top of the 1st over - 1 run, 2 hits, 0 errors, 2 left on base; San Diego (APP) 1 - Missoula 0 |
| BOTTOM OF THE 1ST |
|
Missoula Osprey batting - Pitching for San Diego (APP) Padres : RHP Rogelio Nunez
|
|
Pitching: RHP Rogelio Nunez
|
|
|
Batting: RHB Nate Spencer
|
0-0: Fly out, F8 (Flyball, 8RS, EV 96.3 MPH)
|
|
Batting: RHB Paul Schreiber
|
0-0: Ball 1-0: Called Strike 1-1: Ball 2-1: Ground out U3 (Groundball, 34S, EV 85.6 MPH)
|
|
Batting: SHB Evan Armagost
|
0-0: Ground out 1-3 (Groundball, P, EV 73.8 MPH)
|
| Bottom of the 1st over - 0 runs, 0 hits, 0 errors, 0 left on base; San Diego (APP) 1 - Missoula 0 |
| TOP OF THE 2ND |
|
San Diego (APP) Padres batting - Pitching for Missoula Osprey : RHP Dan Thompson
|
|
Batting: RHB Max Stillo
|
0-0: Swinging Strike 0-1: Ball 1-1: Foul Ball, location: 2F 1-2: Ball 2-2: Fly out, F9 (Flyball, 89S, EV 84.4 MPH)
|
|
Batting: LHB Phil Lerner
|
0-0: Ground out 4-3 (Groundball, 4, EV 109.4 MPH)
|
|
Batting: RHB Aaron Joseph
|
0-0: Called Strike 0-1: DOUBLE (Groundball, 5L, EV 106.9 MPH)
|
|
Batting: RHB Wally Cangro
|
0-0: Called Strike 0-1: Ball 1-1: Ball 2-1: Called Strike 2-2: Strikes out swinging
|
| Top of the 2nd over - 0 runs, 1 hit, 0 errors, 1 left on base; San Diego (APP) 1 - Missoula 0 |
| BOTTOM OF THE 2ND |
|
Missoula Osprey batting - Pitching for San Diego (APP) Padres : RHP Rogelio Nunez
|
|
Batting: LHB Dillon Rizzuto
|
0-0: Ball 1-0: Ball 2-0: Ball 3-0: Called Strike 3-1: Called Strike 3-2: Foul Ball, location: 2F 3-2: Base on Balls
|
|
Batting: LHB Enrique Ponce
|
0-0: Ball 1-0: Foul Ball, location: 2F 1-1: Ball 2-1: Ball 3-1: Fielders Choice at 2nd, 6-4 (Groundball, 6, EV 85.0 MPH)
|
|
Batting: LHB Omar Marquez
|
0-0: Ball 1-0: Ball 2-0: Foul Ball, location: 2F 2-1: Called Strike 2-2: Ball Enrique Ponce steals 2nd base 3-2: Ground out 4-3 (Groundball, 4S, EV 76.9 MPH) Enrique Ponce to third
|
|
Batting: RHB Ernesto Zamora
|
0-0: Ball 1-0: Ball Wild Pitch! Enrique Ponce scores 2-0: Ball 3-0: Called Strike 3-1: Reached on error, E2 (Groundball, 2R, EV 74.4 MPH)
|
|
Batting: SHB Lee Dillon
|
0-0: Ball 1-0: Ball 2-0: Foul Ball, location: 2F 2-1: Ball 3-1: Base on Balls Ernesto Zamora to second
|
|
Batting: RHB Zach Espinosa
|
0-0: Foul Ball, location: 2F 0-1: Called Strike 0-2: Ball 1-2: Ball 2-2: Fielders Choice at 2nd, U4 (Groundball, 4M, EV 91.3 MPH)
|
| Bottom of the 2nd over - 1 run, 0 hits, 1 error, 2 left on base; San Diego (APP) 1 - Missoula 1 |
| TOP OF THE 3RD |
|
San Diego (APP) Padres batting - Pitching for Missoula Osprey : RHP Dan Thompson
|
|
Batting: SHB Yutaro Takahashi
|
0-0: Ball 1-0: Ball 2-0: Foul Ball, location: 2F 2-1: Ball 3-1: Foul Ball, location: 2F 3-2: SOLO HOME RUN (Flyball, 9D, EV 94.4 MPH), Distance : 351 ft
|
|
Batting: RHB Antonio Lara
|
0-0: Ball 1-0: Called Strike 1-1: Called Strike 1-2: Foul Ball, location: 2F 1-2: Ball 2-2: Foul Ball, location: 2F 2-2: Strikes out swinging
|
|
Batting: RHB Freddie Brown
|
0-0: Ball 1-0: Ball 2-0: Ball 3-0: Base on Balls
|
|
Batting: LHB Hugo MacBeth
|
0-0: Called Strike 0-1: Foul Ball, location: 2F 0-2: Ball 1-2: Foul Ball, location: 2F 1-2: Fly out, F7 (Flyball, 7, EV 81.9 MPH)
|
|
Batting: LHB Sammy Roddenberry
|
0-0: Ball 1-0: Called Strike 1-1: Swinging Strike 1-2: Foul Ball, location: 2F 1-2: Ball Freddie Brown steals 2nd base 2-2: Foul Ball, location: 2F 2-2: Ball 3-2: 2-RUN HOME RUN (Flyball, 78XD, EV 107.5 MPH), Distance : 416 ft
|
|
Batting: RHB Max Stillo
|
0-0: Called Strike 0-1: Swinging Strike 0-2: Ball 1-2: Strikes out swinging, 2-3 out at first.
|
| Top of the 3rd over - 3 runs, 2 hits, 0 errors, 0 left on base; San Diego (APP) 4 - Missoula 1 |
| BOTTOM OF THE 3RD |
|
Missoula Osprey batting - Pitching for San Diego (APP) Padres : RHP Rogelio Nunez
|
|
Batting: RHB Nate Spencer
|
0-0: SINGLE (Groundball, 56D, EV 100.6 MPH)
|
|
Batting: RHB Paul Schreiber
|
0-0: Called Strike 0-1: Ball 1-1: Ball 2-1: Ball 3-1: Foul Ball, location: 2F 3-2: Strikes out swinging
|
|
Batting: SHB Evan Armagost
|
0-0: Ball 1-0: DOUBLE (Groundball, 3L, EV 103.8 MPH) Nate Spencer to third Runner from 3rd tries for Home, SAFE, throw by RF to trailing runner, SAFE at third!
|
|
Batting: LHB Dillon Rizzuto
|
0-0: Called Strike 0-1: Ball 1-1: Ball 2-1: Called Strike 2-2: Foul Ball, location: 2F 2-2: Strikes out swinging
|
|
Batting: LHB Enrique Ponce
|
0-0: Ball 1-0: Ball 2-0: Foul Ball, location: 2F 2-1: Ball 3-1: Fly out, F6 (Flyball, 56D, EV 73.8 MPH)
|
| Bottom of the 3rd over - 1 run, 2 hits, 0 errors, 1 left on base; San Diego (APP) 4 - Missoula 2 |
| TOP OF THE 4TH |
|
San Diego (APP) Padres batting - Pitching for Missoula Osprey : RHP Dan Thompson
|
|
Batting: LHB Phil Lerner
|
0-0: Ball 1-0: Swinging Strike 1-1: Bunted foul 1-2: Foul Ball, location: 2F 1-2: Ground out 3-1 (Groundball, 34, EV 100.0 MPH)
|
|
Batting: RHB Aaron Joseph
|
0-0: Hit by Pitch
|
|
Batting: RHB Wally Cangro
|
0-0: Ball 1-0: Ball 2-0: Called Strike 2-1: Ball 3-1: Foul Ball, location: 2F 3-2: Foul Ball, location: 2F 3-2: Base on Balls Aaron Joseph to second
|
|
Batting: SHB Yutaro Takahashi
|
0-0: Called Strike 0-1: Ball 1-1: Ball 2-1: Called Strike 2-2: Foul Ball, location: 2F 2-2: Ball 3-2: DOUBLE (Flyball, 8RXD, EV 107.5 MPH) Aaron Joseph scores Wally Cangro to third Runner from 3rd tries for Home, SAFE, no throw by CF
|
|
Pitching: RHP Rick Foster
|
|
|
Batting: RHB Antonio Lara
|
0-0: Called Strike Yutaro Takahashi steals 3rd base (no throw) 0-1: Called Strike 0-2: DOUBLE (Flyball, 8LXD, EV 96.9 MPH) Yutaro Takahashi scores
|
|
Batting: RHB Freddie Brown
|
0-0: Ball 1-0: Called Strike 1-1: Foul Ball, location: 2F 1-2: Fly out, F9 (Flyball, 9D, EV 92.5 MPH) Runner from 2nd tags up, SAFE at 3rd, no throw by RF
|
|
Batting: LHB Hugo MacBeth
|
0-0: Called Strike 0-1: Foul Ball, location: 2F 0-2: Ball 1-2: Ball 2-2: Foul Ball, location: 2F 2-2: Foul Ball, location: 2F 2-2: Ball 3-2: Base on Balls
|
|
Batting: LHB Sammy Roddenberry
|
0-0: Foul Ball, location: 2F 0-1: Foul Ball, location: 2F 0-2: Foul Ball, location: 2F 0-2: Strikes out swinging
|
| Top of the 4th over - 3 runs, 2 hits, 0 errors, 2 left on base; San Diego (APP) 7 - Missoula 2 |
| BOTTOM OF THE 4TH |
|
Missoula Osprey batting - Pitching for San Diego (APP) Padres : RHP Rogelio Nunez
|
|
Batting: LHB Omar Marquez
|
0-0: Called Strike 0-1: SINGLE (Groundball, 56S, EV 70.0 MPH) (infield hit)
|
|
Batting: RHB Ernesto Zamora
|
0-0: Ball Omar Marquez is caught stealing 2nd base 2-4 1-0: Fly out, F8 (Flyball, 8LXD, EV 90.0 MPH)
|
|
Batting: SHB Lee Dillon
|
0-0: Ball 1-0: Foul Ball, location: 2F 1-1: Ball 2-1: Swinging Strike 2-2: Strikes out swinging
|
| Bottom of the 4th over - 0 runs, 1 hit, 0 errors, 0 left on base; San Diego (APP) 7 - Missoula 2 |
| TOP OF THE 5TH |
|
San Diego (APP) Padres batting - Pitching for Missoula Osprey : RHP Rick Foster
|
|
Pitching: RHP John Petersen
|
|
|
Batting: RHB Max Stillo
|
0-0: Ball 1-0: Ball 2-0: Ball 3-0: Base on Balls
|
|
Batting: LHB Phil Lerner
|
0-0: Ball 1-0: Ball 2-0: Ball 3-0: Base on Balls Max Stillo to second
|
|
Batting: RHB Aaron Joseph
|
0-0: Fielders Choice at 2nd, 5-4 (Groundball, 56, EV 86.3 MPH) Max Stillo to third
|
|
Batting: RHB Wally Cangro
|
0-0: Ball 1-0: Ball 2-0: Fielders Choice at 2nd, 3-6 (Groundball, 34S, EV 80.0 MPH) Max Stillo scores
|
|
Batting: SHB Yutaro Takahashi
|
0-0: Ball Wally Cangro steals 2nd base 1-0: Ball 2-0: Foul Ball, location: 2F 2-1: Swinging Strike 2-2: Foul Ball, location: 2F 2-2: Ball 3-2: Foul Ball, location: 2F 3-2: Ground out 6-3 (Groundball, 6, EV 86.3 MPH)
|
| Top of the 5th over - 1 run, 0 hits, 0 errors, 1 left on base; San Diego (APP) 8 - Missoula 2 |
| BOTTOM OF THE 5TH |
|
Missoula Osprey batting - Pitching for San Diego (APP) Padres : RHP Rogelio Nunez
|
|
Batting: RHB Zach Espinosa
|
0-0: Ball 1-0: Swinging Strike 1-1: Ball 2-1: Ground out 3-1 (Groundball, 34, EV 90.0 MPH)
|
|
Batting: RHB Nate Spencer
|
0-0: Ground out 5-3 (Groundball, 56S, EV 85.0 MPH)
|
|
Batting: RHB Paul Schreiber
|
0-0: Fly out, F8 (Flyball, 8LD, EV 85.0 MPH)
|
| Bottom of the 5th over - 0 runs, 0 hits, 0 errors, 0 left on base; San Diego (APP) 8 - Missoula 2 |
| TOP OF THE 6TH |
|
San Diego (APP) Padres batting - Pitching for Missoula Osprey : RHP John Petersen
|
|
Pitching: LHP Heath Henderson
|
|
|
Batting: RHB Antonio Lara
|
0-0: Ball 1-0: Ball 2-0: Ground out 4-3 (Groundball, 4S, EV 65.0 MPH)
|
|
Batting: RHB Freddie Brown
|
0-0: Foul Ball, location: 2F 0-1: SOLO HOME RUN (Flyball, 9LD, EV 89.4 MPH), Distance : 340 ft
|
|
Batting: LHB Hugo MacBeth
|
0-0: Ball 1-0: Ball 2-0: Swinging Strike 2-1: Foul Ball, location: 2F 2-2: Strikes out looking
|
|
Batting: LHB Sammy Roddenberry
|
0-0: Ball 1-0: Ball 2-0: Called Strike 2-1: Reached on error, E5 (Groundball, 15, EV 78.8 MPH)
|
|
Batting: RHB Max Stillo
|
0-0: Ball Sammy Roddenberry is caught stealing 2nd base 2-4
|
| Top of the 6th over - 1 run, 1 hit, 1 error, 0 left on base; San Diego (APP) 9 - Missoula 2 |
| BOTTOM OF THE 6TH |
|
Missoula Osprey batting - Pitching for San Diego (APP) Padres : RHP Rogelio Nunez
|
|
Batting: SHB Evan Armagost
|
0-0: Ball 1-0: Foul Ball, location: 2F 1-1: SINGLE (Groundball, 4D, EV 105.0 MPH)
|
|
Pitching: LHP Kenny Cohn
|
|
|
Batting: LHB Dillon Rizzuto
|
0-0: Called Strike 0-1: SINGLE (Groundball, 6MD, EV 95.0 MPH) Evan Armagost to second
|
|
Batting: LHB Enrique Ponce
|
0-0: Swinging Strike 0-1: Fielders Choice at 2nd, 3-6 (Groundball, 3, EV 84.4 MPH) Evan Armagost to third
|
|
Pinch Hitting: RHB Steve Machol
|
0-0: Ball 1-0: Called Strike 1-1: SINGLE (Flyball, 4D, EV 93.1 MPH) Evan Armagost scores Enrique Ponce to second
|
|
Batting: RHB Ernesto Zamora
|
0-0: Ball 1-0: Called Strike 1-1: Called Strike 1-2: Fly out, F7 (Flyball, 7LD, EV 97.5 MPH) Runner from 2nd tags up, SAFE at 3rd, no throw by LF
|
|
Batting: SHB Lee Dillon
|
0-0: Called Strike 0-1: Ground out 6-3 (Groundball, 6MS, EV 66.9 MPH)
|
| Bottom of the 6th over - 1 run, 3 hits, 0 errors, 2 left on base; San Diego (APP) 9 - Missoula 3 |
| TOP OF THE 7TH |
|
San Diego (APP) Padres batting - Pitching for Missoula Osprey : LHP Heath Henderson
|
|
Now in LF: Steve Machol
|
|
|
Batting: RHB Max Stillo
|
0-0: Foul Ball, location: 2F 0-1: Ball 1-1: Swinging Strike 1-2: Foul Ball, location: 2F 1-2: Ball 2-2: Ball 3-2: DOUBLE (Line Drive, 8LXD, EV 104.4 MPH)
|
|
Pitching: RHP Jason Hammons
|
|
|
Batting: LHB Phil Lerner
|
0-0: DOUBLE (Line Drive, 78D, EV 107.5 MPH) Max Stillo scores
|
|
Pinch Hitting: LHB Conor Barron
|
0-0: Called Strike 0-1: Fly out, F7 (Flyball, 7LD, EV 103.1 MPH)
|
|
Batting: RHB Wally Cangro
|
0-0: Ball 1-0: Swinging Strike 1-1: Ball 2-1: SINGLE (Groundball, 5S, EV 63.8 MPH) (infield hit) Phil Lerner to third
|
|
DELAY
|
Rain delay of 61 minutes in the 7th inning.
|
|
Batting: SHB Yutaro Takahashi
|
0-0: Ball 1-0: Foul Ball, location: 2F 1-1: Foul Ball, location: 2F 1-2: SINGLE (Line Drive, 4M, EV 103.1 MPH) Phil Lerner scores Wally Cangro to second
|
|
Pitching: RHP Alan Muth
|
|
|
Batting: RHB Antonio Lara
|
0-0: Called Strike 0-1: Ball 1-1: DOUBLE (Flyball, 8RXD, EV 108.8 MPH) Wally Cangro scores Yutaro Takahashi to third
|
|
Batting: RHB Freddie Brown
|
0-0: Ball 1-0: Foul Ball, location: 2F 1-1: Foul Ball, location: 2F 1-2: Foul Ball, location: 2F 1-2: SINGLE (Groundball, 34D, EV 107.5 MPH) Yutaro Takahashi scores Antonio Lara to third Runner from 3rd tries for Home, SAFE, throw by RF to home
|
|
Batting: LHB Hugo MacBeth
|
0-0: Ball 1-0: Swinging Strike 1-1: Ball 2-1: Foul Ball, location: 2F 2-2: Ball Wild Pitch! Freddie Brown to second 3-2: Base on Balls
|
|
Batting: LHB Sammy Roddenberry
|
0-0: Ball 1-0: Ball 2-0: Ball 3-0: Base on Balls Freddie Brown to third Hugo MacBeth to second
|
|
Pitching: RHP Matt Bailey
|
|
|
Batting: RHB Max Stillo
|
0-0: Ball 1-0: Ball 2-0: Ball 3-0: Base on Balls Freddie Brown scores Hugo MacBeth to third Sammy Roddenberry to second
|
|
Batting: LHB Phil Lerner
|
0-0: Foul Ball, location: 2F 0-1: Ball 1-1: Called Strike 1-2: Foul Ball, location: 2F 1-2: Ball 2-2: Fly out, F7 (Flyball, 7S, EV 81.3 MPH)
|
|
Batting: LHB Conor Barron
|
0-0: Ball 1-0: Swinging Strike 1-1: SINGLE (Groundball, 34D, EV 100.0 MPH) Hugo MacBeth scores Sammy Roddenberry to third Max Stillo to second Runner from 3rd tries for Home, throw by RF and OUT! 9-2
|
| Top of the 7th over - 7 runs, 7 hits, 0 errors, 2 left on base; San Diego (APP) 16 - Missoula 3 |
| BOTTOM OF THE 7TH |
|
Missoula Osprey batting - Pitching for San Diego (APP) Padres : LHP Kenny Cohn
|
|
Now at 1B: Conor Barron
|
|
|
Batting: RHB Zach Espinosa
|
0-0: Ball 1-0: Ball 2-0: Called Strike 2-1: Swinging Strike 2-2: Ball 3-2: Strikes out swinging
|
|
Batting: RHB Nate Spencer
|
0-0: Called Strike 0-1: Ground out U3 (Groundball, 13, EV 88.8 MPH)
|
|
Pinch Hitting: LHB Tae-geun Kwang
|
0-0: Called Strike 0-1: Called Strike 0-2: Ball 1-2: Foul Ball, location: 2F 1-2: Ball 2-2: Fly out, F2 (Popup, 25F, EV 90.0 MPH)
|
| Bottom of the 7th over - 0 runs, 0 hits, 0 errors, 0 left on base; San Diego (APP) 16 - Missoula 3 |
| TOP OF THE 8TH |
|
San Diego (APP) Padres batting - Pitching for Missoula Osprey : RHP Matt Bailey
|
|
Now in RF: Tae-geun Kwang
|
|
|
Batting: RHB Wally Cangro
|
0-0: Called Strike 0-1: Ground out U3 (Groundball, 34, EV 81.9 MPH)
|
|
Batting: SHB Yutaro Takahashi
|
0-0: Swinging Strike 0-1: Ball 1-1: Fly out, F6 (Popup, 6, EV 71.9 MPH)
|
|
Pitching: RHP Mike Eagerton
|
|
|
Batting: RHB Antonio Lara
|
0-0: Called Strike 0-1: SINGLE (Line Drive, 78S, EV 107.5 MPH)
|
|
Batting: RHB Freddie Brown
|
0-0: Ball 1-0: Ball 2-0: Ball 3-0: Called Strike 3-1: Called Strike 3-2: Foul Ball, location: 2F 3-2: Base on Balls Antonio Lara to second
|
|
Batting: LHB Hugo MacBeth
|
0-0: Ball 1-0: Ball 2-0: Ball 3-0: Base on Balls Antonio Lara to third Freddie Brown to second
|
|
Batting: LHB Sammy Roddenberry
|
0-0: Ball 1-0: Called Strike 1-1: Ball 2-1: Foul Ball, location: 2F 2-2: Foul Ball, location: 2F 2-2: Strikes out swinging
|
| Top of the 8th over - 0 runs, 1 hit, 0 errors, 3 left on base; San Diego (APP) 16 - Missoula 3 |
| BOTTOM OF THE 8TH |
|
Missoula Osprey batting - Pitching for San Diego (APP) Padres : LHP Kenny Cohn
|
|
Pitching: RHP Nick Goodlow
|
|
|
Batting: SHB Evan Armagost
|
0-0: Foul Ball, location: 2F 0-1: Swinging Strike 0-2: Foul Ball, location: 2F 0-2: Ground out 4-3 (Groundball, 4, EV 91.3 MPH)
|
|
Batting: LHB Dillon Rizzuto
|
0-0: Ball 1-0: Foul Ball, location: 2F 1-1: Ball 2-1: Swinging Strike 2-2: Foul Ball, location: 2F 2-2: Ball 3-2: Foul Ball, location: 2F 3-2: Foul Ball, location: 2F 3-2: Foul Ball, location: 2F 3-2: Base on Balls
|
|
Batting: LHB Enrique Ponce
|
0-0: Fielders Choice at 2nd, 4-6 (Groundball, 4, EV 81.9 MPH)
|
|
Batting: RHB Steve Machol
|
0-0: Called Strike 0-1: Called Strike 0-2: Ball 1-2: Ball 2-2: Fly out, F8 (Line Drive, 8LM, EV 104.4 MPH)
|
| Bottom of the 8th over - 0 runs, 0 hits, 0 errors, 1 left on base; San Diego (APP) 16 - Missoula 3 |
| TOP OF THE 9TH |
|
San Diego (APP) Padres batting - Pitching for Missoula Osprey : RHP Mike Eagerton
|
|
Batting: RHB Max Stillo
|
0-0: Foul Ball, location: 2F 0-1: Swinging Strike 0-2: Foul Ball, location: 2F 0-2: Ball 1-2: Foul Ball, location: 2F 1-2: Fly out, F8 (Flyball, 8RD, EV 98.8 MPH)
|
|
Batting: LHB Phil Lerner
|
0-0: Foul Ball, location: 2F 0-1: SINGLE (Groundball, 6MD, EV 107.5 MPH)
|
|
Batting: LHB Conor Barron
|
0-0: Called Strike 0-1: Ball 1-1: Ball 2-1: Ball 3-1: Base on Balls Phil Lerner to second
|
|
Batting: RHB Wally Cangro
|
0-0: Foul Ball, location: 2F 0-1: Ball Wild Pitch! Phil Lerner to third Conor Barron to second 1-1: Called Strike 1-2: 3-RUN HOME RUN (Flyball, 7D, EV 110.6 MPH) (Inside the Park)
|
|
Batting: SHB Yutaro Takahashi
|
0-0: Ball 1-0: Foul Ball, location: 2F 1-1: Ball 2-1: Foul Ball, location: 2F 2-2: Foul Ball, location: 2F 2-2: Foul Ball, location: 2F 2-2: Ball 3-2: Base on Balls
|
|
Batting: RHB Antonio Lara
|
0-0: Ball 1-0: Ball 2-0: Ball Wild Pitch! Yutaro Takahashi to second 3-0: Base on Balls
|
|
Batting: RHB Freddie Brown
|
0-0: Ball 1-0: Ball 2-0: Swinging Strike 2-1: Ball 3-1: Fielders Choice at 2nd, 3-6 (Groundball, 34, EV 88.1 MPH) Yutaro Takahashi to third
|
|
Pitching: RHP Sergio Manzanero
|
|
|
Batting: LHB Hugo MacBeth
|
0-0: Called Strike 0-1: Foul Ball, location: 2F 0-2: Strikes out swinging
|
| Top of the 9th over - 3 runs, 2 hits, 0 errors, 2 left on base; San Diego (APP) 19 - Missoula 3 |
| BOTTOM OF THE 9TH |
|
Missoula Osprey batting - Pitching for San Diego (APP) Padres : RHP Nick Goodlow
|
|
Batting: RHB Ernesto Zamora
|
0-0: Ball 1-0: Ball 2-0: Ball 3-0: Called Strike 3-1: Base on Balls
|
|
Batting: SHB Lee Dillon
|
0-0: Ball 1-0: Called Strike 1-1: Foul Ball, location: 2F 1-2: Foul Ball, location: 2F 1-2: Strikes out swinging
|
|
Pitching: RHP Eric Busby
|
|
|
Pinch Hitting: SHB Blaine Peters
|
0-0: Swinging Strike 0-1: Ball 1-1: Called Strike 1-2: Strikes out swinging
|
|
Batting: RHB Nate Spencer
|
0-0: Called Strike 0-1: Hit by Pitch Ernesto Zamora to second
|
|
Batting: LHB Tae-geun Kwang
|
0-0: Called Strike 0-1: Ball 1-1: Ball 2-1: Ground out 4-3 (Groundball, 4, EV 98.1 MPH)
|
| Bottom of the 9th over - 0 runs, 0 hits, 0 errors, 2 left on base; San Diego (APP) 19 - Missoula 3 |
|